 Dungeon Crawl Stone Soup version 0.28.0-53-g5a82cb258f (webtiles) character file.

Game seed: 3068579157861307309

227 protoss039 the Digger (level 5, -3/40 HPs)
             Began as a Demonspawn Earth Elementalist on June 1, 2022.
             Slain by an iguana (13 damage)
             ... on level 3 of the Dungeon.
             The game lasted 00:05:52 (3705 turns).

protoss039 the Digger (DsEE)                        Turns: 3705, Time: 00:05:52

Health: -3/40      AC:  2    Str:  8    XL:     5   Next: 70%
Magic:  0/9        EV: 14    Int: 19    God:
Gold:   74         SH:  0    Dex: 13    Spells: 3/9 levels left

rFire   . . .      SeeInvis .   e - +0 dagger
rCold   . . .      Faith    .   (no shield)
rNeg    + . .      Spirit   .   b - +0 robe
rPois   .          Reflect  .   (no helmet)
rElec   .          Harm     .   (no cloak)
rCorr   .          Rampage  .   (no gloves)
Will    .....                   (no boots)
Stlth   ++........              (no amulet)
HPRegen 0.13/turn               f - ring of positive energy
MPRegen 0.11/turn               (no ring)

@: no status effects
A: repulsion field 1, weakness stinger 2
a: no special abilities


You were on level 3 of the Dungeon.
You visited 1 branch of the dungeon, and saw 3 of its levels.

You collected 74 gold pieces.

Inventory:

Hand Weapons
 a - a +0 whip
 e - a +0 dagger (weapon)
Missiles
 c - 148 stones
Armour
 b - a +0 robe (worn)
Jewellery
 f - a ring of positive energy (left hand)
 k - a ring of willpower
Scrolls
 d - 2 scrolls of amnesia
 l - a scroll of identify {unknown}
Potions
 h - a potion of magic {unknown}
 i - a potion of mutation {unknown}
 j - 2 potions of heal wounds


   Skills:
 * Level 2.8 Fighting
 + Level 1.7 Armour
 - Level 1.7 Dodging
 - Level 1.7 Stealth
 + Level 2.8 Spellcasting
 - Level 2.0 Conjurations
 - Level 1.5 Transmutations
 + Level 3.3 Earth Magic


You had 3 spell levels left.
You knew the following spells:

 Your Spells              Type           Power      Damage    Failure   Level
a - Sandblast             Erth           30%        2d9       4%          1
b - Passwall              Tmut/Erth      10%        N/A       9%          2
c - Stone Arrow           Conj/Erth      24%        3d8       16%         3

Your spell library contained the following spells:

 Spells                   Type           Power      Damage    Failure   Level
 Petrify                  Tmut/Erth      12%        N/A       50%         4


Dungeon Overview and Level Annotations

Branches:
Dungeon (3/15)

Altars:
Okawaru
Wu Jian

Shops:
D:3 :


Innate Abilities, Weirdness & Mutations

You are surrounded by a mild repulsion field. (EV +2)
You have a tail ending in a sharp stinger.


Message History

Aim: an iguana (severely wounded, 82% to hit)
The blast of sand misses the iguana.
The iguana barely misses you.
Unknown command.
Casting: Sandblast (safe; 4% risk of failure)
Confirm with . or Enter, or press ? or * to list all spells.
Aiming: Sandblast (safe; 4% risk of failure)
Press: ? - help, Shift-Dir - straight line, f/p - iguana
Aim: an iguana (severely wounded, 82% to hit)
The blast of sand hits the iguana.
The iguana is almost dead.
The iguana barely misses you.
Unknown command.
Casting: Sandblast (safe; 4% risk of failure)
Confirm with . or Enter, or press ? or * to list all spells.
Aiming: Sandblast (safe; 4% risk of failure)
Press: ? - help, Shift-Dir - straight line, f/p - iguana
Aim: an iguana (almost dead, 82% to hit)
The blast of sand hits the iguana but does no damage.
The iguana is almost dead.
The iguana bites you!
* * * LOW HITPOINT WARNING * * *
Casting: Sandblast (safe; 4% risk of failure)
Confirm with . or Enter, or press ? or * to list all spells.
Aiming: Sandblast (safe; 4% risk of failure)
Press: ? - help, Shift-Dir - straight line, f/p - iguana
Aim: an iguana (almost dead, 82% to hit)
The blast of sand hits the iguana but does no damage.
The iguana is almost dead.
The iguana completely misses you.
Unknown command.
Unknown command.
Casting: Sandblast (safe; 4% risk of failure)
Confirm with . or Enter, or press ? or * to list all spells.
Aiming: Sandblast (safe; 4% risk of failure)
Press: ? - help, Shift-Dir - straight line, f/p - iguana
Aim: an iguana (almost dead, 82% to hit)
The blast of sand hits the iguana.
The iguana is almost dead.
The iguana bites you!
You die...

#..####'#.###.#8.8.8.#
#######...............⌠.⌠..#
#...............###..8.∩.8##
#.#####.###.....# #...⌠.⌠.#
#.# #.###....## #..8.8.8#
####.### #.....#.## ##.....##
...<...# #######.# #.#####
.###.#.# #.# #.# .###.#.## #@#
#.# ........# #..l# #.####
.##..#..# #.....# #....#
.##.##..# #.......# ####.##
.##.#...####.........####...##
...........+.........+..)....#
........####.........####...##
###.##.## ##.......## ##.##
#.##### #.#


You could see an iguana.

Vanquished Creatures
  An iguana (D:3)
  Jessica (D:2)
  Natasha (thrice) (D:2)
  Robin (D:3)
  2 adders (D:3)
  2 worms (D:2)
  4 dart slugs (D:1)
  6 ball pythons
  2 bats (D:1)
  3 endoplasms
  3 giant cockroaches (D:1)
  10 goblins
  9 hobgoblins
  8 kobolds
  2 quokkas
  A frilled lizard (D:1)
  A rat (D:2)
59 creatures vanquished.

Notes
Turn   | Place    | Note
-------+----------+-------------------------------------------
     0 | D:1      | protoss039 the Demonspawn Earth Elementalist began the
                  | quest for the Orb.
     0 | D:1      | Reached XP level 1. HP: 13/13 MP: 3/3
    79 | D:1      | Reached skill level 1 in Transmutations
   359 | D:1      | Gained mutation: You have a small tail. [demonic ancestry]
   359 | D:1      | Reached XP level 2. HP: 19/20 MP: 1/5
   453 | D:1      | Reached skill level 1 in Fighting
   569 | D:1      | Gained mutation: You have a tail ending in a sharp stinger.
                  | [demonic ancestry]
   569 | D:1      | Reached XP level 3. HP: 12/26 MP: 3/6
  1265 | D:1      | Learned a level 2 spell: Passwall
  1269 | D:1      | Learned a level 3 spell: Stone Arrow
  1406 | D:2      | Noticed Natasha
  1409 | D:2      | Killed Natasha
  1410 | D:2      | Reached skill level 1 in Armour
  1410 | D:2      | Reached skill level 3 in Earth Magic
  1465 | D:2      | Noticed Jessica
  1472 | D:2      | Killed Jessica
  1473 | D:2      | Reached skill level 1 in Conjurations
  1473 | D:2      | Reached XP level 4. HP: 30/33 MP: 2/7
  1558 | D:2      | Found a faded altar of an unknown god.
  1762 | D:2      | Noticed Natasha
  1767 | D:2      | Killed Natasha
  1807 | D:2      | Noticed Natasha
  1809 | D:2      | Found an ornate altar of the Wu Jian Council.
  1823 | D:2      | Killed Natasha
  1824 | D:2      | Gained mutation: You are surrounded by a mild repulsion
                  | field. (EV +2) [demonic ancestry]
  1824 | D:2      | Reached XP level 5. HP: 12/38 MP: 0/8
  2557 | D:3      | Found Daoz's Book Shoppe.
  2850 | D:3      | Noticed Robin
  3112 | D:3      | Killed Robin
  3687 | D:3      | Found an iron altar of Okawaru.
  3705 | D:3      | Slain by an iguana

Illustrated notes

Levels and vault maps discovered:
D:1:      lemuel_arrival_river_ford, layout_rooms
D:2:      layout_loops_corners, shapermc_ecumenical_altar_pompeii, basic_altar,
          uniq_natasha, uniq_jessica
D:3:      layout_loops_corners, general_overflow_altar, serial_shops,
          nicolae_shop_temple_entry_statues_fountains, minmay_misc_feat_pillars,
          uniq_robin

Skill      XL: |  1  2  3  4  5 |
---------------+----------------+-----
Transmutations | 1 |  1.5
Fighting       | 1 2 |  2.8
Armour         | 1 |  1.7
Earth Magic    | 3 |  3.3
Conjurations   | 1 2 |  2.0
Dodging        | |  1.7
Stealth        | |  1.7
Spellcasting   | |  2.8

Action                   |  1- 3 |  4- 6 || total
-------------------------+-------+-------++-------
Melee: Unarmed           |    15 |       ||    15
       Whip              |    33 |       ||    33
       Tailslap          |    12 |     7 ||    19
       Dagger            |    37 |    70 ||   107
       Punch             |     1 |     1 ||     2
 Cast: Sandblast         |    35 |    47 ||    82
       Stone Arrow       |       |     1 ||     1
  Use: Scroll            |       |     2 ||     2
       Potion            |       |     2 ||     2
 Stab: Sleeping          |       |     3 ||     3
Armor: Robe              |    18 |     9 ||    27
Dodge: Dodged            |    74 |    47 ||   121
